[Event "Israel-ch Youth U8-18 2024"]
[Site "Kfar Saba"]
[Date "2024.04.18"]
[Round "4.1"]
[White "Sokolovsky, Yahli"]
[Black "Rozen, Eytan"]
[Result "1-0"]
[ECO "B27"]
[WhiteElo "2490"]
[BlackElo "2499"]
[Annotator "TA"]
[PlyCount "73"]
[EventDate "2024.04.10"]
[EventType "swiss"]
[EventCountry "ISR"]
[SourceTitle "playchess.com"]
[Source "ChessBase"]
[SourceQuality "1"]
[TimeControl "5400+30"]

1. e4 c5 2. Nf3 g6 3. c3 d5 4. e5 a6 5. d4 Nc6 6. Be2 Bg7 7. O-O f6 8. Nbd2 {[%emt 0:00:32] White is slightly better.} (8. dxc5 fxe5 9. Ng5 Nf6 $15) 8... cxd4 9. cxd4 Nh6 10. exf6 exf6 11. Nb3 O-O 12. h3 Qd6 13. Bd2 b6 14. Nc1 Nf5 15. Bc3 Bd7 16. Qb3 Na5 17. Qc2 Rfc8 18. Bd3 Nc4 19. a4 Bf8 20. Ne2 Rc7 21. Rfe1 Na5 22. Qd1 Bh6 23. Nh2 Nc6 24. Ng4 {[%emt 0:01:28] Bxf5 is the strong threat.} Bg7 25. Qd2 Be6 26. Qf4 Qd7 ({Black should try} 26... Rd7 $14) 27. Ng3 $16 Nxg3 28. Rxe6 $1 Nh5 29. Qd6 $36 {[%emt 0:02:16][%mdl 2048] Keeping Black busy. White is much more active.} Qf7 {[%emt 0:00:43] [#] Black cannot hold the game after this.} (29... Qxd6 $16 {was called for.} 30. Rxd6 f5) 30. Rae1 $1 $18 (30. Qxd5 $2 Nf4 31. Qd6 Nxe6 $19 (31... Qxe6 32. Qxf4 Rd7 33. d5 $16)) 30... f5 {[%emt 0:03:25] [#]} 31. Qxd5 $1 {[%emt 0:22:50] aiming for Re8+.} (31. Ne5 Nxe5 32. R6xe5 (32. dxe5 $2 Nf4 $19) 32... Bxe5 33. dxe5 Qd7 $18) 31... Kh8 $2 ({But not} 31... Nf4 $2 32. Re8+ Rxe8 33. Rxe8+ Bf8 34. Nh6+ Kg7 35. Qxf7+ (35. Nxf7 Nxd5 36. Ng5 Re7 $18) 35... Rxf7 36. Nxf7 Kxf7 37. Rc8 Nxd3 38. Rxc6 $18) (31... fxg4 {is a better chance.} 32. Bc4 Nf6 33. Rxf6 Bxf6) 32. Ne5 {[%emt 0:00:00] White is clearly winning.} Bxe5 33. R1xe5 ({Not} 33. dxe5 Nf4 $16) 33... Nf6 {[%emt 0:02:17] Repels Re8+} 34. Qf3 Rac8 {[%emt 0:03:32] [#]} 35. d5 $1 Ne7 {[%emt 0:01:15] [#]} (35... Nxe5 36. Bxe5) 36. Rxf6 $1 Qxf6 37. Re6 {[%emt 0:00:00] Weighted Error Value: White=0.03 (flawless) /Black=0.30.  Mistake:       	---       	Black=3      OK:         	White=13    	Black=10     Best:        	White=1     	Black=1      Strong:       	White=3     	---} (37. Bxa6 $2 {perishes.} Rxc3 38. bxc3 Qxe5 $19) 1-0

[Event "Israel-ch Youth U8-18 2024"]
[Site "Kfar Saba"]
[Date "2024.04.18"]
[Round "4.2"]
[White "Zuev, Ilya"]
[Black "Levin, Guy"]
[Result "0-1"]
[ECO "D25"]
[WhiteElo "1883"]
[BlackElo "2451"]
[Annotator "TA"]
[PlyCount "82"]
[EventDate "2024.04.10"]
[EventType "swiss"]
[EventCountry "ISR"]
[SourceTitle "playchess.com"]
[Source "ChessBase"]
[SourceQuality "1"]
[TimeControl "5400+30"]

1. d4 d5 2. Nf3 Nf6 3. c4 dxc4 4. e3 Bg4 5. Bxc4 e6 6. O-O Be7 7. Nc3 O-O 8. Be2 Nbd7 9. e4 c6 10. h3 Bh5 11. Bf4 Nb6 12. Qd3 a5 13. a4 (13. Rad1 $16) 13... Bb4 14. Ne5 Bxe2 15. Nxe2 h6 16. b3 Nbd7 17. Rfd1 Nxe5 18. Bxe5 Qe7 19. Rac1 Rfd8 20. Kh1 Rd7 21. Ng1 Nh7 22. Nf3 Ng5 23. Nxg5 hxg5 24. g4 {[%emt 0:04:12] [#] Black continues to play with concentration.} ({White should play} 24. Qc4 $11) 24... Rad8 $1 $17 25. f3 (25. Qe3 $17 {keeps fighting.}) 25... c5 $19 26. Rc4 (26. Kg2 $142) 26... f6 27. Bg3 Rxd4 ({Weaker is} 27... cxd4 28. e5 $17) 28. Rxd4 Rxd4 ({Don't take} 28... cxd4 29. e5 $19) 29. Qe2 Qd7 30. Rxd4 (30. Rf1 $142) 30... cxd4 {[%emt 0:00:00][%mdl 4096] Endgame. KQB-KQB} ({Not} 30... Qxd4 31. Qb5 $15) 31. Qd3 e5 32. Kg2 Qc6 33. Kf2 Kf8 34. h4 gxh4 35. Bxh4 Qc1 36. Ke2 Qb2+ 37. Kf1 Qc1+ 38. Ke2 $1 Ke7 {[%emt 0:00:01] White must now prevent ...Bc3.} 39. Bg3 $2 {[%emt 0:00:51] [#]} (39. Bf2) 39... Bc3 {[%emt 0:01:01] Black is clearly winning.} 40. Qd1 Qb2+ 41. Kd3 Qg2 {[%emt 0:10:19] Weighted Error Value: White=0.59/Black=0.33.  Mistake:       	White=6     	---        Inaccurate:     	White=3     	Black=4      OK:         	White=4     	Black=10     Best:        	White=1     	Black=6      Strong:       	White=1     	---} 0-1

[Event "Israel-ch Youth U8-18 2024"]
[Site "Kfar Saba"]
[Date "2024.04.18"]
[Round "4.3"]
[White "Aizenberg, Benny"]
[Black "Goldstein, Asaf"]
[Result "1-0"]
[ECO "B27"]
[WhiteElo "2409"]
[BlackElo "1878"]
[Annotator "TA"]
[PlyCount "129"]
[EventDate "2024.04.10"]
[EventType "swiss"]
[EventCountry "ISR"]
[SourceTitle "playchess.com"]
[Source "ChessBase"]
[SourceQuality "1"]
[TimeControl "5400+30"]

1. e4 c5 2. Nf3 g6 3. c3 Bg7 4. d4 cxd4 5. cxd4 d5 6. Bb5+ Bd7 7. Bxd7+ Nxd7 8. e5 e6 {[%emt 0:07:29] White has an edge.} 9. O-O Ne7 10. Bg5 h6 11. Bxe7 Qxe7 12. Nc3 O-O 13. Nb5 Nb6 14. Qd3 a6 15. Nd6 Nc8 16. Nxc8 $1 Rfxc8 17. Nd2 ({White should try} 17. Rfc1 $11) 17... Rc6 18. Rac1 Rac8 19. Nb3 Bf8 (19... Qb4 $17 {aiming for ...Rxc1.} 20. Rxc6 Rxc6) 20. Rxc6 $11 Rxc6 21. Rc1 Rxc1+ 22. Nxc1 {[%emt 0:00:09][%mdl 4096] Endgame. KQB-KQN} Qb4 23. Qc3 Qxc3 24. bxc3 $15 {[%emt 0:01:58] KB-KN} Ba3 25. Nd3 Kf8 26. Kf1 Ke7 27. Ke2 Kd7 28. Kd2 a5 29. Kc2 a4 30. Ne1 b5 31. Kd3 Be7 32. g3 Kc6 33. Nc2 Kd7 34. Ne3 Kc6 35. Ng4 Bf8 36. f3 Kb6 37. Ne3 Ka5 38. f4 Kb6 39. g4 Kc7 40. Ke2 Kb6 41. f5 Ka5 42. Kd3 Kb6 43. Ng2 {[%emt 0:00:13] [#] And now fxg6 would win.} Kc7 $2 {[%emt 0:00:36][%mdl 8192] Black is on the road to losing.} (43... gxf5 $11 44. gxf5 Kc6) 44. fxe6 fxe6 45. Nf4 $1 Kd7 46. Nxg6 Ba3 47. Nf4 Ke7 (47... b4 $142 48. cxb4 Bxb4) 48. h4 $18 Kf7 49. g5 hxg5 50. hxg5 Bf8 51. Kc2 Bg7 52. Kb1 Bf8 53. Kb2 Bg7 54. g6+ Ke7 55. Ka3 {[%emt 0:00:05] [#] White wants to mate with Nd3.} Bh6 56. Nh5 Bc1+ 57. Kb4 Bd2 58. Nf6 Kf8 59. Nd7+ Kg7 60. Nc5 (60. Kxb5 Bxc3 61. Nc5 (61. Kxa4 Kxg6 62. Kb5 Bxd4 $11) 61... Kxg6 $14) 60... Kxg6 61. Nxe6 ({Not} 61. Kxb5 Bxc3 62. Nxe6 Kf5 63. Ng7+ Kg6 $11) 61... Kf7 62. Nc7 Ke7 63. Nxd5+ Ke6 64. Nc7+ Kd7 65. Nxb5 {[%emt 0:00:05] Weighted Error Value: White=0.09 (flawless) /Black=0.65.  Loses game:     	---       	Black=1      Mistake:       	White=1     	Black=2      Inaccurate:     	White=2     	Black=2      OK:         	White=15    	Black=15     Best:        	White=2     	---        Strong:       	White=1     	---} 1-0

[Event "Israel-ch Youth U8-18 2024"]
[Site "Kfar Saba"]
[Date "2024.04.18"]
[Round "4.4"]
[White "Beitner, Yehonatan"]
[Black "Menahem, Adi"]
[Result "0-1"]
[ECO "C02"]
[WhiteElo "1877"]
[BlackElo "2112"]
[Annotator "TA"]
[PlyCount "60"]
[EventDate "2024.04.10"]
[EventType "swiss"]
[EventCountry "ISR"]
[SourceTitle "playchess.com"]
[Source "ChessBase"]
[SourceQuality "1"]
[TimeControl "5400+30"]

1. e4 c6 2. d4 d5 3. f3 e6 4. e5 c5 5. c3 Nc6 6. f4 Qb6 7. Nf3 cxd4 8. cxd4 Nh6 9. Nc3 Nf5 10. Ne2 Bb4+ 11. Kf2 {[%emt 0:00:07] Black is slightly better.} h5 12. g3 O-O 13. h3 (13. a3 {simplifies} Be7 14. Bh3 Nh6 15. Re1) 13... f6 {[%emt 0:11:25] Threatens to win with ...fxe5.} 14. g4 {[%emt 0:00:09] [#] Black continues to play with concentration.} (14. Kg2 $15) 14... Nfxd4 $1 $17 {[%emt 0:03:25] Black is more active.} 15. Be3 ({Of course not} 15. Nfxd4 fxe5 16. Kg2 exd4 $19 (16... Nxd4 $2 17. Nxd4 Qxd4 18. Qxd4 $19)) (15. Nexd4 $17 fxe5 16. Kg2 (16. a3 $2 Bd6 $19)) 15... fxe5 $19 16. Nxe5 Nxe5 17. Qxd4 Qxd4 18. Nxd4 Ng6 ({Don't take} 18... hxg4 19. Kg3 Ng6 20. Bd3 $19) 19. Bg2 $2 (19. f5 $17 {was worth a try.}) 19... Nxf4 20. Bxf4 Bc5 (20... Rxf4+ $142 21. Ke3 g5 (21... Bd6 $2 22. Raf1 $19)) 21. Ke3 Bxd4+ 22. Kxd4 {[%emt 0:00:02] [#] aiming for Be5.} Rxf4+ 23. Ke3 Rb4 24. b3 (24. gxh5 $142 Bd7 (24... Rxb2 $2 25. Rhg1 $19) 25. Rhg1) 24... hxg4 25. Rac1 Bd7 26. hxg4 Rxg4 27. Bf3 Rg3 {[%emt 0:01:56] ...Rf8 is the strong threat.} 28. Kf2 Rg5 29. Rhe1 $2 (29. Rc7 {was necessary.} Bc6 30. Ke1) 29... Rf8 {[%emt 0:01:06] White must now prevent ...e5.} 30. Rc7 Bc6 {[%emt 0:00:23] Weighted Error Value: White=0.48/Black=0.23 (precise) .  Loses game:     	White=1     	---        Mistake:       	White=4     	Black=1      Inaccurate:     	White=2     	Black=2      OK:         	White=4     	Black=11     Best:        	White=1     	Black=1      Strong:       	---       	Black=1} 0-1

[Event "Israel-ch Youth U8-18 2024"]
[Site "Kfar Saba"]
[Date "2024.04.18"]
[Round "4.5"]
[White "Duchan, Yoav"]
[Black "Abitbul, Matan"]
[Result "0-1"]
[ECO "B23"]
[WhiteElo "1980"]
[BlackElo "1916"]
[Annotator "TA"]
[PlyCount "98"]
[EventDate "2024.04.10"]
[EventType "swiss"]
[EventCountry "ISR"]
[SourceTitle "playchess.com"]
[Source "ChessBase"]
[SourceQuality "1"]
[TimeControl "5400+30"]

1. g3 d5 2. Bg2 Nf6 3. d3 c5 4. Bg5 e6 5. Nc3 Be7 6. e4 d4 7. Nce2 Nc6 8. Bxf6 Bxf6 {[%emt 0:00:47] Black is slightly better.} 9. f4 e5 10. Nf3 h5 11. f5 (11. h3 $15) 11... g6 $17 12. Qd2 (12. fxg6 $17 {is a better defense.} fxg6 13. Qd2) 12... Bg7 (12... gxf5 $19 13. exf5 Ne7 (13... Bxf5 14. O-O $17)) 13. fxg6 fxg6 {[%emt 0:00:22] ...Bh6 is the strong threat.} 14. h4 (14. O-O $17) 14... Bh6 $19 15. Ng5 Bxg5 16. Qxg5 Qxg5 17. hxg5 Be6 18. Rf1 Rf8 19. Rxf8+ Kxf8 20. Kd2 Ke7 21. Rf1 Rf8 22. a3 Rxf1 23. Bxf1 $17 {[%emt 0:00:04][%mdl 4096] Endgame. KBN-KBN} Nd8 24. Ng1 Nf7 25. Nf3 {[%emt 0:00:12] [#]} Kf8 $1 26. Be2 ({White should try} 26. c4) 26... Kg7 27. c4 $2 {[%emt 0:01:43] Loses the game.} (27. Bf1 $17) 27... Bg4 $19 28. Nh2 Bxe2 ({Not} 28... Nxg5 29. Bxg4 hxg4 30. Nxg4 $16) 29. Kxe2 Nxg5 {[%emt 0:00:09] KN-KN} 30. b4 (30. Kf1 $142) 30... Ne6 31. Nf3 Kf6 32. Nh4 (32. b5 $142) 32... b6 33. b5 Ng7 (33... g5 $142 34. Nf5 Ng7) 34. Kf3 $2 (34. Nf3) 34... g5 35. Ng2 Ne6 36. Kf2 Nf8 37. Kg1 $2 (37. g4) 37... Ng6 {[%emt 0:02:07] [#] Strongly threatening ...g4.} 38. Kh2 g4 39. Nh4 Kg5 40. Nf5 h4 41. Nd6 hxg3+ 42. Kxg3 Nf4 43. Nf7+ Kf6 44. Nd6 Nxd3 45. Kxg4 Nb2 46. Kf3 Ke6 47. Nc8 Nxc4 {[%emt 0:00:29] And now ...Nd2+ would win.} 48. a4 Kd7 49. Nxa7 Na5 {[%emt 0:00:20] Weighted Error Value: White=0.74/Black=0.20 (precise) .  Loses game:     	White=1     	---        Mistake:       	White=7     	Black=2      Inaccurate:     	White=1     	Black=1      OK:         	White=5     	Black=9      Best:        	White=3     	Black=1      Strong:       	---       	Black=1} 0-1

[Event "Israel-ch Youth U8-18 2024"]
[Site "Kfar Saba"]
[Date "2024.04.18"]
[Round "4.6"]
[White "Kirsch, Yahel David"]
[Black "Medovoy, Yaniv"]
[Result "0-1"]
[ECO "C45"]
[WhiteElo "1961"]
[BlackElo "2009"]
[Annotator "TA"]
[PlyCount "78"]
[EventDate "2024.04.10"]
[EventType "swiss"]
[EventCountry "ISR"]
[SourceTitle "playchess.com"]
[Source "ChessBase"]
[SourceQuality "1"]
[TimeControl "5400+30"]

1. e4 e5 2. Nf3 Nc6 3. d4 exd4 4. Nxd4 Bb4+ 5. Bd2 Qe7 6. Nxc6 Qxe4+ 7. Be2 Bxd2+ 8. Qxd2 {[%emt 0:00:29] Black has an edge.} Qxc6 9. Nc3 Nf6 10. O-O-O {[%emt 0:00:21] Hoping for Bf3.} O-O 11. Bf3 Qb6 12. g4 c6 $1 13. g5 Ne8 14. Ne4 {[%emt 0:01:59] Black keeps a firm grip on the game.} ({White should play} 14. h4 $15) 14... d5 $17 15. Nf6+ (15. Ng3 $17 {might work better.}) 15... gxf6 $19 16. gxf6 {[%emt 0:00:12] [#] Black must now prevent Rhg1+.} Bf5 17. Qg5+ $2 (17. Rhg1+ Kh8 (17... Bg6 $2 18. h4 $19) 18. Qh6) 17... Bg6 18. h4 Qxf2 19. Be4 Qxf6 20. Qg1 Qf4+ 21. Kb1 Qxe4 22. h5 Qxc2+ 23. Ka1 {[%emt 0:00:01] [#]} Ng7 $1 24. hxg6 (24. Rh2 Qf5) 24... fxg6 25. Qg5 Rf5 26. Qe7 Raf8 27. Rhe1 R5f7 28. Qh4 Nf5 29. Qg5 Nd6 30. Rc1 Qf5 31. Qh6 Nc4 {[%emt 0:00:47][%cal Oc4b2] Strongly threatening ...Nxb2!} 32. Rb1 Qf4 33. Qh3 a5 34. Rh1 Qf5 {[%emt 0:00:43] Threatens to win with ...Nd2.} 35. Qh4 Ne3 36. a3 b5 37. Ka2 c5 {[%emt 0:00:24] ...b4 is the strong threat.} 38. Rbg1 d4 39. Rh2 a4 {[%emt 0:00:39] Weighted Error Value: White=0.77/Black=0.13 (very precise) .  Mistake:       	White=3     	---        Inaccurate:     	White=3     	Black=2      OK:         	White=1     	Black=6      Best:        	---       	Black=4      Strong:       	---       	Black=1} 0-1

[Event "Israel-ch Youth U8-18 2024"]
[Site "Kfar Saba"]
[Date "2024.04.18"]
[Round "4.7"]
[White "Afek, Itay"]
[Black "Berlad, Asaf"]
[Result "1-0"]
[ECO "B25"]
[WhiteElo "1816"]
[BlackElo "1900"]
[Annotator "NA COMBH"]
[PlyCount "61"]
[EventDate "2024.04.10"]
[EventType "swiss"]
[EventCountry "ISR"]
[SourceTitle "playchess.com"]
[Source "ChessBase"]
[SourceQuality "1"]
[TimeControl "5400+30"]

1. Nf3 Nf6 2. g3 g6 3. Bg2 Bg7 4. O-O O-O 5. d3 d6 6. e4 c5 7. Nc3 Nc6 8. Re1 {[%emt 0:01:45] is now more promising than 8.h3.} Rb8 {[%emt 0:02:45] B25: Closed Sicilian: 3 g3, lines without early Be3.} 9. h3 a6 10. Be3 Qc7 $146 ({Predecessor:} 10... b5 11. e5 Nd7 12. exd6 exd6 13. Rb1 Bb7 14. Qd2 Nde5 15. Nxe5 Bxe5 16. Bh6 Re8 {½-½ Schmuck,K-Bentz,C GER-chT U20 Bochum 1990 (7)}) 11. Qd2 Re8 12. Bh6 Bh8 13. Ng5 Bg7 14. Bxg7 Kxg7 15. f4 e6 16. g4 Bd7 17. Ne2 h5 18. f5 hxg4 19. fxg6 fxg6 20. Rf1 Rf8 21. Rf2 $17 e5 22. h4 (22. Raf1 $17 {keeps fighting.}) 22... Qd8 23. Raf1 Qe7 24. Ng3 Nh5 25. Nxh5+ gxh5 26. Rf7+ Rxf7 27. Rxf7+ Qxf7 28. Nxf7 Kxf7 29. Qh6 Ke7 30. Qg5+ Ke8 31. Qf6 1-0

[Event "Israel-ch Youth U8-18 2024"]
[Site "Kfar Saba"]
[Date "2024.04.18"]
[Round "4.8"]
[White "Azoulay, Yehonatan"]
[Black "Manyevich, Rom"]
[Result "0-1"]
[ECO "B12"]
[WhiteElo "1987"]
[BlackElo "1927"]
[Annotator "TA"]
[PlyCount "118"]
[EventDate "2024.04.10"]
[EventType "swiss"]
[EventCountry "ISR"]
[SourceTitle "playchess.com"]
[Source "ChessBase"]
[SourceQuality "1"]
[TimeControl "5400+30"]

1. e4 c6 2. d4 d5 3. e5 Bf5 4. Nd2 e6 5. Nb3 Nd7 6. Nf3 Ne7 7. Be2 h6 8. O-O g5 {[%emt 0:00:09] The position is equal.} 9. Ne1 Qc7 10. g4 (10. Nd3 $11) 10... Be4 (10... Bh7 $15) 11. f3 Bg6 12. f4 c5 13. dxc5 gxf4 {[%emt 0:16:35] Black is more active.} 14. Nd3 Bxd3 (14... Nxe5 $6 15. Nxe5 (15. Nxf4 Be4 $15) 15... Qxe5 16. c3 $11 (16. Rxf4 h5 $17) (16. Bxf4 Qxb2 17. Bd3 Qg7 $15)) ({Better is} 14... h5 $17 {Strongly threatening ...hxg4.} 15. gxh5 Be4 16. Bxf4 O-O-O) 15. cxd3 $11 f3 16. Bxf3 {[%emt 0:00:31] And now d4 would win.} Nxe5 17. d4 Nxf3+ 18. Qxf3 Ng6 (18... Nc6 $11 {remains equal.}) 19. Bd2 Bg7 20. Rae1 Qe7 21. Kh1 O-O 22. Rg1 Qh4 23. Rg3 Qf6 24. Qg2 Qd8 25. g5 (25. Rh3 $16) 25... h5 $1 $14 26. Rh3 h4 27. Qg4 a5 28. Re2 (28. Bc3 $11) 28... a4 29. Nc1 Qd7 (29... b6 $11) 30. Nd3 Qb5 31. Nf4 {[%emt 0:00:08] Black must now prevent Nxg6.} Qxb2 {[%emt 0:01:45] [#] aiming for ...Qa1+.} 32. Nxg6 {[%emt 0:00:57] Intending Ne7+ and mate.} Qb1+ $1 33. Re1 Qxg6 34. Qxh4 a3 35. Bc3 (35. Bf4 $11 {is superior.}) 35... Ra4 36. Rf3 Rc4 37. Ba1 (37. Qh3 $11) 37... Ra4 ({Black should try} 37... Ra8 $17 {Hoping for ...Rc2.} 38. Rf2 e5) 38. Rh3 (38. Bc3 $11) 38... Rc8 {[%emt 0:00:23] [#] ...Rxc5 would now be deadly.} (38... e5 $5 39. Rf3 exd4 $17) 39. Rb3 $2 {[%emt 0:00:26] This costs White the game.} (39. Qg3 $1 $11 {and White is okay.}) 39... Rxc5 $19 40. Rxb7 $2 (40. Bc3 {was forced.}) 40... Rac4 41. Qf4 (41. Rb3 $142 Rc8 42. Rxa3) 41... Rc8 42. Qe3 $2 (42. Rb3 Bf8 43. Rh3) 42... Rc2 43. Rf1 Qh5 (43... Rxa2 {( -> ...Qc2)} 44. Bc3 Qc2) 44. Qf4 Rf8 (44... Rxa2 45. Rxf7 Qg6 46. Kg1 $19) 45. Rb3 Qe2 46. Rg1 {[%emt 0:00:24] Prevents Qg2+.} Rxa2 47. Bc3 $2 (47. Re3 Qh5 48. Qg3) 47... Qc2 48. Bb4 Qxb3 49. Bxf8 {[%emt 0:00:03] White is weak on the light squares} Bxf8 (49... Bxd4 $142 50. g6 f5 (50... Bxg1 51. Qxf7+ Kh8 52. Qh7#) 51. Qg3 Be5 (51... Qxg3 {leads to mate.} 52. Rxg3 Ra1+ 53. Kg2 Rg1+ 54. Kf3 Rxg3+ 55. hxg3 Kxf8 56. g4 a2 57. gxf5 a1=Q 58. fxe6 Qf1+ 59. Kg4 Be5 60. Kg5 Qf4+ 61. Kh5 Qf3+ 62. Kh6 Bf4+ 63. Kh7 Qh5#) 52. Qg2 Rxg2 (52... Kxf8 53. Rf1 Rxg2 54. Kxg2 a2 55. Re1 Kg7 56. Kf2 Qc2+ 57. Kf3 Bd4 58. Re2 Qd3+ 59. Re3 Qxe3+ 60. Kg2 Qe4+ 61. Kh3 Qg4#) 53. Rxg2 Qd1+ (53... Kxf8 {gets mated.} 54. Rf2 Qh3 55. Kg1 Bd4 56. g7+ Kg8 57. Kh1 a2 58. Rg2 a1=Q+ 59. Rg1 Qxg1#) (53... a2 54. Rxa2 Qxa2 55. Kg1 Bd4+ 56. Kh1 Qf2 57. Bh6 Qg1#) 54. Rg1 Qf3+ 55. Rg2 Bd4 (55... Kxf8 56. g7+ Kg8 57. Kg1 Bd4+ 58. Rf2 Qxf2+ 59. Kh1 Qg1#) (55... a2 56. Bc5 a1=Q+ 57. Bg1 Bd4 58. h4 Qxg1#) 56. h4 Qh3+ 57. Rh2 Qf1#) 50. Rf1 Qb7 51. g6 f5 52. Qe5 Qa6 {[%emt 0:00:27][%cal Ra6f1] Black mates.} 53. Re1 Qd6 54. g7 Qxe5 55. gxf8=Q+ Kxf8 56. Rxe5 Rb2 57. Rxe6 a2 58. Rf6+ Ke7 59. Ra6 Rb1+ {[%emt 0:00:05] Weighted Error Value: White=0.87/Black=0.35.  Loses game:     	White=1     	---        Mistake:       	White=10    	Black=5      Inaccurate:     	White=7     	Black=4      OK:         	White=6     	Black=15     Best:        	White=3     	Black=1      Strong:       	---       	Black=2} 0-1

[Event "Israel-ch Youth U8-18 2024"]
[Site "Kfar Saba"]
[Date "2024.04.18"]
[Round "4.9"]
[White "Birka, Elia"]
[Black "Sternfeld, Tomer"]
[Result "0-1"]
[ECO "B30"]
[WhiteElo "1954"]
[BlackElo "1866"]
[Annotator "TA"]
[PlyCount "88"]
[EventDate "2024.04.10"]
[EventType "swiss"]
[EventCountry "ISR"]
[SourceTitle "playchess.com"]
[Source "ChessBase"]
[SourceQuality "1"]
[TimeControl "5400+30"]

1. e4 c5 2. Nf3 Nc6 3. Bb5 e6 4. O-O Nge7 5. Re1 a6 6. Bf1 d5 7. exd5 Nxd5 8. d4 cxd4 9. Nxd4 Ndb4 10. Nxc6 Qxd1 11. Rxd1 {[%emt 0:00:03][%csl Gc6][%cal Rd1d8] [#]} bxc6 {[%emt 0:00:11] White is slightly better.} 12. Na3 a5 13. c3 Nd5 14. Nc4 f6 {[%emt 0:04:46] Prevents Ne5} 15. Be3 e5 16. Nb6 Nxb6 17. Bxb6 Be6 18. g3 Be7 19. Bg2 Kf7 20. b3 (20. Bxc6 $2 Ra6 21. Bxa5 Rxc6 $19) 20... g5 21. Be3 (21. Bxc6 $2 {perishes.} Ra6 22. Bxa5 Rxc6 $19) 21... g4 22. Bxc6 Rac8 23. Bd7 Rxc3 24. Rac1 Bb4 (24... Rxc1 {simplifies} 25. Bxe6+ Kxe6 26. Rxc1 f5) 25. Rxc3 Bxc3 26. Rd6 Bxd7 27. Rxd7+ $11 {[%emt 0:00:02][%mdl 4096] Endgame. KRB-KRB} Ke6 28. Rc7 Bb4 29. Kf1 Kd6 30. Ra7 Rc8 31. Bb6 Rc1+ 32. Kg2 Rc2 33. Bxa5 Bc5 34. Ra6+ Ke7 35. Be1 Rc1 36. Ba5 {[%emt 0:00:30] [#] Rc6 is the strong threat.} Rc2 37. Rc6 $2 (37. Be1 $11 {and White stays safe.}) 37... Rxf2+ $19 {[%emt 0:01:13] Black is clearly winning.} 38. Kg1 Bd4 {[%emt 0:00:53] Strongly threatening ...Rc2+.} ({Inferior is} 38... Rxa2+ 39. Rxc5 Ra1+ 40. Kf2 $16) 39. Bb4+ Kf7 {[%emt 0:00:34] aiming for ...Rc2+.} 40. Rc7+ Kg6 {[%emt 0:00:28] White must now prevent ...Rc2+.} 41. Rc4 Rxa2+ 42. Kf1 Rb2 43. Rc7 Rxb3 44. Bf8 Rb1+ {[%emt 0:00:34] Weighted Error Value: White=0.32/Black=0.02 (flawless) .  Loses game:     	White=1     	---        Inaccurate:     	White=1     	---        OK:         	White=10    	Black=16     Best:        	White=3     	Black=3} 0-1

[Event "Israel-ch Youth U8-18 2024"]
[Site "Kfar Saba"]
[Date "2024.04.18"]
[Round "4.10"]
[White "Shilon Rahav, Eliran"]
[Black "Cohen, Yisgav"]
[Result "1-0"]
[ECO "C77"]
[WhiteElo "2116"]
[BlackElo "1478"]
[Annotator "TA"]
[PlyCount "89"]
[EventDate "2024.04.10"]
[EventType "swiss"]
[EventCountry "ISR"]
[SourceTitle "playchess.com"]
[Source "ChessBase"]
[SourceQuality "1"]
[TimeControl "5400+30"]

1. e4 e5 2. Nf3 Nc6 3. Bb5 a6 4. Ba4 Nf6 5. Qe2 b5 6. Bb3 Bc5 7. a4 b4 {[%emt 0:01:19] [#]} 8. Bxf7+ $1 Kxf7 9. Qc4+ Ke8 {[%emt 0:01:04] ...d6 is the strong threat. White has an edge.} 10. Qxc5 Qe7 11. Qxe7+ Kxe7 12. d3 h6 13. Be3 a5 14. Nbd2 Ba6 15. O-O-O Ng4 16. Rhe1 (16. Nh4 $142 {And now Ng6+ would win.} Ke6 17. Rdf1) 16... Nxe3 $16 17. Rxe3 g5 {[%emt 0:00:44] Against Nh4} 18. Nb3 d6 19. d4 Rad8 {[%emt 0:02:34] This move loses the game for Black.} (19... g4 $16 20. Nh4 Kf6 21. dxe5+ Nxe5) 20. d5 $18 Nb8 21. Nxa5 Kf6 22. Rb3 Be2 23. Rd2 Bxf3 24. Rxf3+ ({But not} 24. gxf3 Na6 25. Re3 Rdf8 $18) 24... Kg6 25. Rb3 Na6 26. Nc6 Ra8 27. f3 Nc5 28. Rxb4 Nxa4 29. Rd3 Nc5 30. Ra3 Rxa3 31. bxa3 {[%emt 0:00:05][%mdl 4096] Endgame. KRN-KRN} Ra8 32. Kb2 Kh5 (32... g4 {was worth a try.}) 33. Rc4 g4 (33... Re8 $142 34. a4 g4) 34. fxg4+ Kxg4 35. Nxe5+ $1 dxe5 $2 (35... Kf4) 36. Rxc5 {[%emt 0:00:06] KR-KR} Kf4 37. Rxc7 Kxe4 38. c4 {[%emt 0:00:08][%cal Bc2c4,Bc4c5,Bc5c6][%mdl 32] [#] Hoping for d6.} Kd3 39. d6 {[%emt 0:00:44] Threatens to win with d7.} Rd8 40. c5 {[%emt 0:00:11] d7 would kill now.} e4 41. c6 {[%emt 0:02:14] White mates.} e3 42. Re7 ({Wrong is} 42. d7 $2 e2 43. Rb7 e1=Q $19 (43... e1=B $2 {is the wrong capture.} 44. c7 $18)) 42... Rxd6 43. Rd7 Rd4 44. Rxd4+ Kxd4 45. Kc2 {[%emt 0:00:05] Weighted Error Value: White=0.11 (very precise) /Black=0.54.  Mistake:       	White=1     	Black=4      Inaccurate:     	---       	Black=3      OK:         	White=16    	Black=10     Best:        	White=1     	Black=1      Strong:       	White=1     	---} 1-0